SA
WALLA WALLA WALLEYE @ PROVO MANGO
09/01/2021
 
TOP OF THE 1ST
Walla Walla Walleye batting - Pitching for Provo Mango : LHP Shunen Takahashi
Pitching: LHP Shunen Takahashi
Batting: RHB Enrico Díaz 0-0: Swinging Strike
0-1: Ball
1-1: Swinging Strike
1-2: Strikes out swinging
Batting: LHB José Ríos 0-0: Ball
1-0: Called Strike
1-1: Ball
2-1: Ball
3-1: Base on Balls
Batting: RHB Chris Woodruff 0-0: Called Strike
0-1: Swinging Strike
0-2: Strikes out swinging
Batting: RHB Miguel Cruz 0-0: Fielders Choice at 2nd, U4 (Groundball, 4M)
Top of the 1st over - 0 run(s), 0 hit(s), 0 error(s), 1 left on base; Walla Walla 0 - Provo 0
BOTTOM OF THE 1ST
Provo Mango batting - Pitching for Walla Walla Walleye : RHP Juan López
Pitching: RHP Juan López
Batting: LHB Job Pels 0-0: Called Strike
0-1: Ball
1-1: Ball
2-1: Ball
3-1: Base on Balls
Batting: RHB Salvador Noriega 0-0: Ball
1-0: Ball
2-0: Ball
3-0: Foul Ball, location: 2F
3-1: Base on Balls
Job Pels to second
Batting: RHB Rob Thomason 0-0: Called Strike
0-1: Grounds into double play, U4-3 (Groundball, 4M)
Job Pels to third
Batting: LHB Victor Adams 0-0: SINGLE (Line Drive, 4MD)
Job Pels scores
Batting: RHB John Aston 0-0: Ball
1-0: Fly out, F7 (Flyball, 78M)
Bottom of the 1st over - 1 run(s), 1 hit(s), 0 error(s), 1 left on base; Walla Walla 0 - Provo 1
TOP OF THE 2ND
Walla Walla Walleye batting - Pitching for Provo Mango : LHP Shunen Takahashi
Batting: LHB Wilson Horton 0-0: Ball
1-0: Ball
2-0: Foul Ball, location: 2F
2-1: Swinging Strike
2-2: Foul Ball, location: 2F
2-2: Foul Ball, location: 2F
2-2: Strikes out looking
Batting: RHB Jorge Arreola 0-0: Ball
1-0: SINGLE (Line Drive, 4S)
Batting: RHB Sergio Cortéz 0-0: Ball
Jorge Arreola is caught stealing 2nd base
1-0: Ball
2-0: Ground out 6-3 (Groundball, 6)
Top of the 2nd over - 0 run(s), 1 hit(s), 0 error(s), 0 left on base; Walla Walla 0 - Provo 1
BOTTOM OF THE 2ND
Provo Mango batting - Pitching for Walla Walla Walleye : RHP Juan López
Batting: LHB Héctor Rivera 0-0: Called Strike
0-1: Ground out 6-3 (Groundball, 6)
Pitching: RHP Jorge Rosales
Batting: LHB Akihito Nishiyama 0-0: Foul Ball, location: 2F
0-1: Ball
1-1: Swinging Strike
1-2: SINGLE (Line Drive, 8LS)
Batting: RHB Lúcio Sánchez 0-0: Called Strike
Akihito Nishiyama steals 2nd base
0-1: Swinging Strike
0-2: Ball
1-2: Strikes out swinging
Batting: RHB Juan Mora 0-0: Ball
1-0: Ball
2-0: Ball
3-0: Called Strike
3-1: SINGLE (Line Drive, 78S)
Akihito Nishiyama to third
Runner from 3rd tries for Home, SAFE, no throw or cutoff
Batting: LHB Job Pels 0-0: Called Strike
0-1: Ball
1-1: Ball
2-1: Foul Ball, location: 2F
2-2: Ball
3-2: Foul Ball, location: 2F
3-2: Ground out 4-3 (Groundball, 4M)
Bottom of the 2nd over - 1 run(s), 2 hit(s), 0 error(s), 1 left on base; Walla Walla 0 - Provo 2
TOP OF THE 3RD
Walla Walla Walleye batting - Pitching for Provo Mango : LHP Shunen Takahashi
Batting: RHB Luis Campos 0-0: Called Strike
0-1: Called Strike
0-2: Foul Ball, location: 2F
0-2: Ball
1-2: Ball
2-2: Strikes out looking
Batting: RHB Warren Willis 0-0: Ball
1-0: DOUBLE (Flyball, 9D)
Batting: RHB Enrico Díaz 0-0: Ball
1-0: Called Strike
1-1: Ground out 5-3 (Groundball, 5)
Batting: LHB José Ríos 0-0: Called Strike
Reached via error on a dropped throw, E1
Warren Willis to third
Batting: RHB Chris Woodruff 0-0: Ball
1-0: Called Strike
1-1: Ball
2-1: Reached on error, E6 (Groundball, 6)
Warren Willis scores
José Ríos to second
Batting: RHB Miguel Cruz 0-0: DOUBLE (Line Drive, 7LM)
José Ríos scores
Chris Woodruff to third
Batting: LHB Wilson Horton 0-0: Ball
1-0: Ball
2-0: Swinging Strike
2-1: Foul Ball, location: 2F
2-2: Foul Ball, location: 2F
2-2: Strikes out looking
Top of the 3rd over - 2 run(s), 2 hit(s), 2 error(s), 2 left on base; Walla Walla 2 - Provo 2
BOTTOM OF THE 3RD
Provo Mango batting - Pitching for Walla Walla Walleye : RHP Jorge Rosales
Batting: RHB Salvador Noriega 0-0: Swinging Strike
0-1: Foul Ball, location: 2F
0-2: Strikes out swinging
Batting: RHB Rob Thomason 0-0: Swinging Strike
0-1: Fly out, F7 (Flyball, 7S)
Batting: LHB Victor Adams 0-0: Fly out, F8 (Flyball, 8LM)
Bottom of the 3rd over - 0 run(s), 0 hit(s), 0 error(s), 0 left on base; Walla Walla 2 - Provo 2
TOP OF THE 4TH
Walla Walla Walleye batting - Pitching for Provo Mango : LHP Shunen Takahashi
Batting: RHB Jorge Arreola 0-0: Swinging Strike
0-1: Swinging Strike
0-2: Ball
1-2: Strikes out swinging
Batting: RHB Sergio Cortéz 0-0: Swinging Strike
0-1: Ball
1-1: Foul Ball, location: 2F
1-2: Ball
2-2: Ball
3-2: DOUBLE (Line Drive, 8RXD)
Batting: RHB Luis Campos 0-0: Ball
Sergio Cortéz is caught stealing 3rd base
1-0: Foul Ball, location: 2F
1-1: Ball
2-1: SINGLE (Popup, 34D)
Batting: RHB Warren Willis 0-0: Ball
1-0: Ground out 1-3 (Groundball, 15S)
Top of the 4th over - 0 run(s), 2 hit(s), 0 error(s), 1 left on base; Walla Walla 2 - Provo 2
BOTTOM OF THE 4TH
Provo Mango batting - Pitching for Walla Walla Walleye : RHP Jorge Rosales
Batting: RHB John Aston 0-0: Ball
1-0: Ball
2-0: Ball
3-0: Base on Balls
Batting: LHB Héctor Rivera 0-0: Called Strike
0-1: Ball
1-1: Ball
2-1: Swinging Strike
2-2: SINGLE (Line Drive, 78S)
John Aston to second
Batting: LHB Akihito Nishiyama 0-0: Ball
1-0: Foul Ball, location: 2F
1-1: Ball
2-1: Foul Ball, location: 2F
2-2: SINGLE (Line Drive, 34)
John Aston to third
Héctor Rivera to second
Batting: RHB Lúcio Sánchez 0-0: Ball
1-0: Ball
2-0: Ball
3-0: Called Strike
3-1: Called Strike
3-2: Fly out, F8 (Line Drive, 8LM)
Batting: RHB Juan Mora 0-0: Called Strike
0-1: Foul Ball, location: 2F
0-2: Ball
1-2: Strikes out swinging
Batting: LHB Job Pels 0-0: Called Strike
0-1: Foul Ball, location: 2F
0-2: Ball
1-2: Ball
2-2: Foul Ball, location: 2F
2-2: Ball
3-2: Strikes out swinging
Bottom of the 4th over - 0 run(s), 2 hit(s), 0 error(s), 3 left on base; Walla Walla 2 - Provo 2
TOP OF THE 5TH
Walla Walla Walleye batting - Pitching for Provo Mango : LHP Shunen Takahashi
Batting: RHB Enrico Díaz 0-0: Foul Ball, location: 2F
0-1: Swinging Strike
0-2: Ball
1-2: Strikes out swinging
Batting: LHB José Ríos 0-0: Ball
1-0: Called Strike
1-1: Ball
2-1: Called Strike
2-2: Strikes out looking
Batting: RHB Chris Woodruff 0-0: Called Strike
0-1: Swinging Strike
0-2: Strikes out swinging
Top of the 5th over - 0 run(s), 0 hit(s), 0 error(s), 0 left on base; Walla Walla 2 - Provo 2
BOTTOM OF THE 5TH
Provo Mango batting - Pitching for Walla Walla Walleye : RHP Jorge Rosales
Batting: RHB Salvador Noriega 0-0: Called Strike
0-1: Called Strike
0-2: Ball
1-2: Fly out, F9 (Flyball, 9S)
Batting: RHB Rob Thomason 0-0: Ball
1-0: Ground out 6-3 (Groundball, 6)
Batting: LHB Victor Adams 0-0: Ball
1-0: Fly out, F7 (Flyball, 7S)
Bottom of the 5th over - 0 run(s), 0 hit(s), 0 error(s), 0 left on base; Walla Walla 2 - Provo 2
TOP OF THE 6TH
Walla Walla Walleye batting - Pitching for Provo Mango : LHP Shunen Takahashi
Batting: RHB Miguel Cruz 0-0: Ball
1-0: Fly out, F9 (Line Drive, 9LM)
Batting: LHB Wilson Horton 0-0: Foul Ball, location: 2F
0-1: Called Strike
0-2: Ball
1-2: Foul Ball, location: 2F
1-2: SINGLE (Groundball, 3D)
Batting: RHB Jorge Arreola 0-0: Ball
1-0: Ball
2-0: Grounds into double play, 6-4-3 (Groundball, 6)
Top of the 6th over - 0 run(s), 1 hit(s), 0 error(s), 0 left on base; Walla Walla 2 - Provo 2
BOTTOM OF THE 6TH
Provo Mango batting - Pitching for Walla Walla Walleye : RHP Jorge Rosales
Batting: RHB John Aston 0-0: Ball
1-0: Ball
2-0: Ball
3-0: Base on Balls
Batting: LHB Héctor Rivera 0-0: Bunt missed!
0-1: Bunted foul
0-2: Fly out, F7 (Flyball, 78M)
Batting: LHB Akihito Nishiyama 0-0: Ball
1-0: Foul Ball, location: 2F
1-1: Ball
2-1: Fly out, F9 (Flyball, 89M)
Batting: RHB Lúcio Sánchez 0-0: Ground out 4-3 (Groundball, 4)
Bottom of the 6th over - 0 run(s), 0 hit(s), 0 error(s), 1 left on base; Walla Walla 2 - Provo 2
TOP OF THE 7TH
Walla Walla Walleye batting - Pitching for Provo Mango : LHP Shunen Takahashi
Batting: RHB Sergio Cortéz 0-0: Ball
1-0: Called Strike
1-1: Ground out 1-3 (Groundball, 15)
Pinch Hitting: RHB Keith Newbold 0-0: Ball
1-0: Ball
2-0: Foul Ball, location: 2F
2-1: Ground out 5-3 (Groundball, 15S)
Pinch Hitting: RHB Álex Estrada 0-0: Fly out, F7 (Flyball, 7LM)
Top of the 7th over - 0 run(s), 0 hit(s), 0 error(s), 0 left on base; Walla Walla 2 - Provo 2
BOTTOM OF THE 7TH
Provo Mango batting - Pitching for Walla Walla Walleye : RHP Jorge Rosales
Now at 1B: Hieu De
Now in LF: Keith Newbold
Batting: RHB Juan Mora 0-0: Ball
1-0: Called Strike
1-1: Ball
2-1: Fly out, F9 (Flyball, 9M)
Batting: LHB Job Pels 0-0: Foul Ball, location: 2F
0-1: Ground out 4-3 (Groundball, 4)
Batting: RHB Salvador Noriega 0-0: Ball
1-0: Called Strike
1-1: SINGLE (Groundball, 56D)
Batting: RHB Rob Thomason 0-0: Ball
1-0: Fly out, F7 (Line Drive, 7M)
Bottom of the 7th over - 0 run(s), 1 hit(s), 0 error(s), 1 left on base; Walla Walla 2 - Provo 2
TOP OF THE 8TH
Walla Walla Walleye batting - Pitching for Provo Mango : LHP Shunen Takahashi
Pinch Hitting: RHB Dave Stockman 0-0: Ball
1-0: Called Strike
1-1: Ground out 3-1 (Groundball, 34)
Pinch Hitting: LHB César Muñóz 0-0: Fly out, F7 (Flyball, 7M)
Batting: RHB Chris Woodruff 0-0: Reached on error, E5 (Groundball, 5)
Batting: RHB Miguel Cruz 0-0: Called Strike
0-1: Called Strike
0-2: Strikes out swinging
Top of the 8th over - 0 run(s), 0 hit(s), 1 error(s), 1 left on base; Walla Walla 2 - Provo 2
BOTTOM OF THE 8TH
Provo Mango batting - Pitching for Walla Walla Walleye : RHP Jorge Rosales
Now at 3B: César Muñóz
Now in RF: Dave Stockman
Batting: LHB Victor Adams 0-0: Ball
1-0: Ball
2-0: SINGLE (Groundball, 15) (infield hit)
Pinch Runner at 1st Ramón Pérez:
Batting: RHB John Aston 0-0: Ball
1-0: Reached on error, E6 (Groundball, 6)
Ramón Pérez to second
Batting: LHB Héctor Rivera 0-0: Grounds into double play, 4-6-3 (Groundball, 4)
Ramón Pérez to third
Batting: LHB Akihito Nishiyama 0-0: Ball
1-0: Called Strike
1-1: Ball
2-1: Swinging Strike
2-2: Ball
3-2: Base on Balls
Batting: RHB Lúcio Sánchez 0-0: Foul Ball, location: 2F
0-1: Ball
1-1: Ball
2-1: Ball
3-1: Foul Ball, location: 2F
3-2: Foul Ball, location: 2F
3-2: Base on Balls
Akihito Nishiyama to second
Batting: RHB Juan Mora 0-0: Ball
1-0: Ball
2-0: Foul Ball, location: 2F
2-1: Foul Ball, location: 2F
2-2: Strikes out swinging
Bottom of the 8th over - 0 run(s), 1 hit(s), 1 error(s), 3 left on base; Walla Walla 2 - Provo 2
TOP OF THE 9TH
Walla Walla Walleye batting - Pitching for Provo Mango : LHP Shunen Takahashi
Now at SS: Ramón Pérez
Pinch Hitting: RHB Tomás Morán 0-0: Foul Ball, location: 2F
0-1: Called Strike
0-2: Fly out, F8 (Flyball, 8LS)
Batting: RHB Jorge Arreola 0-0: Called Strike
0-1: Swinging Strike
0-2: Strikes out swinging
Batting: RHB Sergio Cortéz 0-0: Ball
1-0: SINGLE (Line Drive, 7LS)
Pitching: RHP Guang Wen
Pinch Hitting: LHB Miguel Zúñiga 0-0: Ball
1-0: Ball
2-0: Foul Ball, location: 2F
2-1: Fly out, F9 (Flyball, 89M)
Top of the 9th over - 0 run(s), 1 hit(s), 0 error(s), 1 left on base; Walla Walla 2 - Provo 2
BOTTOM OF THE 9TH
Provo Mango batting - Pitching for Walla Walla Walleye : RHP Jorge Rosales
Pitching: LHP Jim Unknown
Now at C: Miguel Zúñiga
Now in CF: Tomás Morán
Pinch Hitting: RHB Jim Unknown 0-0: Ball
1-0: Ball
2-0: Called Strike
2-1: Ball
3-1: Fly out, F6 (Line Drive, 6)
Batting: RHB Salvador Noriega 0-0: Ball
1-0: Called Strike
1-1: DOUBLE (Flyball, 89D)
Batting: RHB Rob Thomason 0-0: Intentional Walk
Batting: SHB Ramón Pérez 0-0: Ball
1-0: Called Strike
1-1: Foul Ball, location: 2F
1-2: Strikes out swinging
Batting: RHB John Aston 0-0: Ball
1-0: Ball
2-0: Fly out, F4 (Popup, 4)
Bottom of the 9th over - 0 run(s), 1 hit(s), 0 error(s), 2 left on base; Walla Walla 2 - Provo 2
TOP OF THE 10TH
Walla Walla Walleye batting - Pitching for Provo Mango : RHP Guang Wen
Now at 3B: Jim Unknown
Pinch Hitting: LHB Eugene Henson 0-0: Swinging Strike
0-1: Called Strike
0-2: Ball
1-2: Ball
2-2: Foul Ball, location: 2F
2-2: Fly out, F9 (Line Drive, 9M)
Batting: RHB Dave Stockman 0-0: Ball
1-0: Called Strike
1-1: Foul Ball, location: 2F
1-2: Strikes out swinging
Batting: LHB César Muñóz 0-0: Called Strike
0-1: Ball
1-1: SINGLE (Groundball, 13) (infield hit)
Batting: RHB Chris Woodruff 0-0: Ball
1-0: Ball
2-0: Ball
3-0: Called Strike
3-1: Base on Balls
César Muñóz to second
Batting: RHB Miguel Cruz 0-0: SINGLE (Flyball, 89S)
César Muñóz to third
Chris Woodruff to second
Runner from 3rd tries for Home, SAFE, no throw or cutoff
Batting: RHB Tomás Morán 0-0: Foul Ball, location: 2F
0-1: Called Strike
0-2: Ball
1-2: Ball
2-2: Strikes out swinging
Top of the 10th over - 1 run(s), 2 hit(s), 0 error(s), 2 left on base; Walla Walla 3 - Provo 2
BOTTOM OF THE 10TH
Provo Mango batting - Pitching for Walla Walla Walleye : LHP Jim Unknown
Now at 1B: Eugene Henson
Pinch Hitting: RHB Logan Manning 0-0: Called Strike
0-1: Ball
1-1: Ball
2-1: Ball
3-1: Base on Balls
Pinch Runner at 1st Carlos Schultz:
Batting: LHB Akihito Nishiyama 0-0: Sac Bunt - play at first, batter OUT! 5-4
Carlos Schultz to second
Batting: RHB Lúcio Sánchez 0-0: Called Strike
0-1: Ball
1-1: Swinging Strike
1-2: SINGLE (Line Drive, 34)
Carlos Schultz to third
Runner from 3rd tries for Home, SAFE, no throw or cutoff
Batting: RHB Juan Mora 0-0: Ball
1-0: Foul Ball, location: 2F
1-1: Foul Ball, location: 2F
1-2: Ball
2-2: Grounds into double play, 6-4-3 (Groundball, 6M)
Bottom of the 10th over - 1 run(s), 1 hit(s), 0 error(s), 0 left on base; Walla Walla 3 - Provo 3
TOP OF THE 11TH
Walla Walla Walleye batting - Pitching for Provo Mango : RHP Guang Wen
Now in CF: Carlos Schultz
Batting: RHB Jorge Arreola 0-0: Ball
1-0: Swinging Strike
1-1: Ball
2-1: Swinging Strike
2-2: Foul Ball, location: 2F
2-2: Strikes out swinging
Batting: RHB Sergio Cortéz 0-0: Ball
1-0: Foul Ball, location: 2F
1-1: Swinging Strike
1-2: Foul Ball, location: 2F
1-2: Foul Ball, location: 2F
1-2: Foul Ball, location: 2F
1-2: Ball
2-2: Strikes out looking
Batting: LHB Miguel Zúñiga 0-0: Foul Ball, location: 2F
0-1: Ball
1-1: Ball
2-1: Foul Ball, location: 2F
2-2: Ball
3-2: Fly out, F5 (Popup, 5F)
Top of the 11th over - 0 run(s), 0 hit(s), 0 error(s), 0 left on base; Walla Walla 3 - Provo 3
BOTTOM OF THE 11TH
Provo Mango batting - Pitching for Walla Walla Walleye : LHP Jim Unknown
Pitching: LHP Jim Unknown
Batting: RHB Jim Unknown 0-0: Ball
1-0: Called Strike
1-1: Ball
2-1: TRIPLE (Line Drive, 9M)
Batting: RHB Salvador Noriega 0-0: Foul Ball, location: 2F
0-1: Foul Ball, location: 2F
0-2: Foul Ball, location: 2F
0-2: Ball
1-2: Foul Ball, location: 2F
1-2: SINGLE (Line Drive, 78S)
Jim Unknown scores
This league is powered by Out of the Park Baseball, the baseball management simulation game for PC, Mac and Linux
Friday, January 22nd, 2016 - OOTP Baseball 16.9 Build 39